 Dungeon Crawl Stone Soup version 0.30-a0-169-g06f667207d (webtiles) character file.

Game seed: 12120798666000296854

102435 qw the Severer (level 16, -1/101 HPs)
             Began as a Gargoyle Fighter on Sept 29, 2022.
             Was a High Priest of Okawaru.
             Slain by an ice devil (4 damage)
             ... summoned by an orc high priest
             ... on level 2 of the Orcish Mines.
             The game lasted 00:10:12 (25619 turns).

qw the Severer (Gargoyle Fighter)                  Turns: 25619, Time: 00:10:13

Health: -1/101     AC: 44    Str: 27    XL:     16   Next: 33%
Magic:  14/14      EV:  9    Int: 11    God:    Okawaru [*****.]
Gold:   3690       SH: 15    Dex: 15    Spells: 15/15 levels left

rFire   + . .      SeeInvis +    J - +2 broad axe (vamp)
rCold   + + .      Faith    .    D - +2 kite shield {AC+3}
rNeg    + . .      Spirit   .    g - +3 plate armour {rF+}
rPois   inf        Reflect  .    l - +2 helmet of the Morning {Int+3 Slay+2 SInv}
rElec   +          Harm     .    p - scarf {repulsion}
rCorr   +          Rampage  .    q - +2 pair of gloves "Othaow" {rElec rC+++ MP-9 Int-2}
Will    +....                    r - +2 pair of boots
Stlth   ..........               I - amulet of regeneration
HPRegen 1.06/turn                o - +6 ring of dexterity
MPRegen 0.14/turn                k - ring of Koip {+Blink rPois rC- rCorr Slay+2}

@: about to teleport, flying, repel missiles
A: sickness immunity, AC +12, big wings, negative energy resistance 1,
electricity resistance, torment resistance 1, petrification resistance
a: Renounce Religion, Evoke Blink, Heroism, Finesse, Duel


You were on level 2 of the Orcish Mines.
You worshipped Okawaru.
Okawaru was extremely pleased with you.
You visited 4 branches of the dungeon, and saw 23 of its levels.
You visited 1 bazaar.

You collected 4525 gold pieces.
You spent 835 gold pieces at shops.


Innate Abilities, Weirdness & Mutations

You are immune to sickness and miasma.
Your stone body is resilient. (AC +12)
You are immune to poison.
Your large and strong wings let you fly.
You resist negative energy. (rN+)
You are resistant to electric shocks. (rElec)
You are resistant to unholy torment.
You are immune to petrification.


   Skills:
 - Level 12.0 Fighting
 + Level 16.6 Axes
 - Level 7.0 Throwing
 - Level 12.0 Armour
 - Level 4.9 Dodging
 - Level 13.0 Shields
 - Level 10.0 Invocations


You had 15 spell levels left.
You didn't know any spells.
Your spell library was empty.

Inventory:

Hand Weapons
 C - a +0 broad axe of flaming
 J - a +2 vampiric broad axe (weapon)
 Y - a +6 vorpal broad axe
Missiles
 A - 33 boomerangs
 E - a javelin
 F - a silver javelin (quivered)
Armour
 c - the +0 pair of boots of the Land of Plenty {SInv}
   (You acquired it on level 12 of the Dungeon)

   SInv:      It lets you see invisible.
 g - a +3 plate armour of fire resistance (worn)
 l - the +2 helmet of the Morning (worn) {Int+3 Slay+2 SInv}
   (You took it off Robin on level 3 of the Dungeon)

   Int:       It affects your intelligence (+3).
   Slay:      It affects your accuracy & damage with ranged weapons and melee
   (+2).
   SInv:      It lets you see invisible.
 p - a scarf of repulsion (worn)
 q - the +2 pair of gloves "Othaow" (worn) {rElec rC+++ MP-9 Int-2}
   (You acquired it on level 10 of the Dungeon)

   Int:       It affects your intelligence (-2).
   rC:        It renders you almost immune to cold.
   rElec:     It insulates you from electricity.
   MP:        It affects your magic capacity (-9).
 r - a +2 pair of boots (worn)
 w - a +0 cloak
 B - a +1 chain mail of cold resistance
 D - a +2 kite shield of protection (worn)
 G - +0 acid dragon scales
Jewellery
 f - a ring of protection from fire
 k - the ring of Koip (right hand) {+Blink rPois rC- rCorr Slay+2}
   (You acquired it on level 10 of the Dungeon)

   [ring of resist corrosion]

   Slay:      It affects your accuracy & damage with ranged weapons and melee
   (+2).
   rC:        It makes you vulnerable to cold.
   rPois:     It protects you from poison.
   +Blink:    It lets you blink.
   rCorr:     It protects you from acid and corrosion.
 m - a ring of ice
 o - a +6 ring of dexterity (left hand)
 t - a ring of protection from cold
 y - a ring of resist corrosion
 z - a ring of willpower
 H - the ring of Lady Luck {rElec rCorr}
   (You bought it in a shop in a bazaar)

   [ring of resist corrosion]

   rElec:     It insulates you from electricity.
   rCorr:     It protects you from acid and corrosion.
 I - an amulet of regeneration (around neck)
Scrolls
 a - 3 scrolls of teleportation
 x - 7 scrolls of identify
Potions
 b - 4 potions of lignification
 d - 4 potions of might
 e - 12 potions of curing
 h - 2 potions of attraction
 i - 5 potions of heal wounds
 j - a potion of haste
 n - a potion of resistance
 s - a potion of magic
 u - a potion of mutation
 v - 4 potions of cancellation

Dungeon Overview and Level Annotations

Branches:
Dungeon (15/15)            Temple (1/1) D:7            Lair (5/5) D:10
 Shoals (0/4) Lair:3       Spider (0/4) Lair:3        Slime (0/5) Lair:5
    Orc (2/2) D:9             Elf (0/3) Orc:2        Vaults (0/5) D:13
 Depths (0/4) D:15

Altars:
Ashenzari
Cheibriados
Dithmenos
Elyvilon
Fedhas
Gozag
Hepliaklqana
Kikubaaqudgha
Makhleb
Nemelex Xobeh
Okawaru
Qazlal
Ru
Sif Muna
Trog
Uskayaw
Vehumet
Wu Jian
Xom
Yredelemnul
Zin
The Shining One

Shops:
D:2 :**   D:9 (

Portals:
Volcano: Orc:2

Annotations:
D:4 1 runed translucent door, qw's ghost, amateur GrFi
D:6 2 transporters, qw's ghost, novice GrFi


Message History

You slice the red devil!! You barely miss the sun demon.
You barely miss the smoke demon.
The red devil hits you but does no damage.
The hellwing swoops through the air toward you!
You block the hellwing's attack.
The hellwing hits you but does no damage.
The smoke demon closely misses you. The smoke demon misses you.
The smoke demon closely misses you.
The orc knight hits you but does no damage.
The orc warrior hits you but does no damage.
The orc priest mumbles some strange prayers to Beogh against you.
Beogh smites you! The ice devil barely misses you.
The sun demon hits you but does no damage.
25618 ||| READING 4 scrolls of teleportation.
As you read the scroll of teleportation, it crumbles to dust.
You feel strangely unstable. You block the red devil's attack.
The hellwing hits you but does no damage.
The hellwing misses you. The smoke demon gestures at you. Beogh smites you!
The orc high priest mumbles some strange prayers.
You block the orc high priest's attack. The orc knight barely misses you.
The orc warrior hits you but does no damage.
You block the sun demon's attack.
The ice devil hits you but does no damage.
25619 ||| DRINKING 6 potions of heal wounds.
You feel much better.
You feel like a meek peon again.
The red devil hits you but does no damage.
You block the hellwing's attack. x2
The smoke demon hits you but does no damage.
You block the smoke demon's attack. The smoke demon closely misses you.
The sun demon completely misses you.
The orc priest invokes the aid of Beogh against you.
Beogh smites you! The orc knight closely misses you.
You block the orc high priest's attack.
The orc warrior hits you from afar with a +0 trident!!
The ice devil hits you. The ice devil freezes you. You resist.
You die...

#.##
#...#...#...#
###
##.........##
# #..#...#..#
# ##.......##
###.#.###
#.....#
###.#.###
#...))4.#
#..#.4@#..#
#....433o.#
#...#ooo#...#
#...oo.o....#
....#...#
...#
.........
...#
....#...# ..#
......... ..#


You could see an orc knight, 2 orc high priests, a sun demon (summoned), a
hellwing (summoned), an ice devil (summoned), a smoke demon (summoned), a red
devil (summoned), 3 orc warriors and an orc priest (strong).

Vanquished Creatures
  Saint Roka (Orc:2)
  Roxanne (D:15)
  An orc warlord (Orc:1)
  An ettin (D:15)
  Josephine (D:13)
  Erolcha (D:10)
  A rakshasa (D:13)
  8 vault guards (D:13)
  4 hydras
  8 centaur warriors
  A death knight (D:14)
  An ogre mage (D:15)
  2 boulder beetles
  8 two-headed ogres
  3 catoblepae
  6 tengu warriors
  Urug (Lair:3)
  3 orc high priests (Orc:2)
  Lodul (D:13)
  A flayed ghost (D:14)
  A deep troll (D:15)
  A phantasmal warrior (D:14)
  3 wizards (D:14)
  2 necromancers (D:15)
  Pikel (D:5)
  8 orc knights (Orc:2)
  3 orc sorcerers
  3 manticores
  5 cyclopes
  6 deep elf pyromancers
  8 ugly things
  9 elephants (Lair:4)
  9 black mambas
  An ice statue (D:14)
  2 gargoyles
  11 cane toads
  Psyche (D:11)
  2 unseen horrors (D:12)
  13 komodo dragons
  A rime drake (Lair:1)
  A yaktaur (D:14)
  Maggie (D:9)
  An efreet (D:14)
  A kobold demonologist (D:14)
  2 tengu conjurers
  4 polar bears
  3 trolls
  6 meliai (D:14)
  8 slime creatures
  A wind drake (Lair:3)
  5 hornets (Lair:5)
  4 blink frogs (Lair:2)
  2 dream sheep (Lair:5)
  Sigmund (D:5)
  A centaur simulacrum (D:14)
  4 shadows
  9 wraiths
  3 culicivoras (Lair:3)
  13 spriggans (Lair:5)
  3 wyverns
  A basilisk (Lair:3)
  Grum (D:9)
  48 yaks
  6 vampire mosquitoes
  A basilisk (shapeshifter) (D:14)
  2 redbacks (Lair:3)
  A hog (shapeshifter) (D:15)
  3 steam dragons
  2 wargs
  6 acid dragons
  Edmund (D:6)
  15 water moccasins
  26 orc warriors
  2 ice beasts
  An ice beast (shapeshifter) (D:14)
  A sky beast (D:7)
  11 black bears
  32 wolves
  9 boggarts
  15 ogres
  13 centaurs
  A lemure (D:5)
  A phantom (D:4)
  A kobold brigand (D:8)
  15 bullfrogs
  A gnoll sergeant (D:9)
  3 scorpions
  A necrophage (D:6)
  10 wights
  10 killer bees
  3 electric eels (Lair:4)
  6 howler monkeys
  3 hounds
  30 orc priests
  A gnoll bouda (D:6)
  3 jellies
  14 orc wizards
  4 iguanas
  Robin (D:3)
  12 adders
  6 gnolls
  A white imp (D:4)
  2 worms
  103 orcs
  15 ball pythons
  6 endoplasms
  4 giant cockroaches
  19 goblins
  10 hobgoblins
  3 jackals (D:2)
  11 quokkas
  4 bats (D:2)
  3 frilled lizards (D:1)
  15 kobolds
  4 rats (D:1)
740 creatures vanquished.

Vanquished Creatures (others)
  57 fungi
  68 plants
125 creatures vanquished.

Grand Total: 865 creatures vanquished

Notes
Turn   | Place    | Note
-------+----------+-------------------------------------------
     0 | D:1      | qw the Gargoyle Fighter began the quest for the Orb.
     0 | D:1      | Reached XP level 1. HP: 14/14 MP: 1/1
     0 | D:1      | 0 ||| qw: Version: 0.2-a-12-gaebbb33
     0 | D:1      | 0 ||| qw: Game counter: 1341
     0 | D:1      | 0 ||| qw: Always use a shield: true
     0 | D:1      | 0 ||| qw: God list: Okawaru
     0 | D:1      | 0 ||| qw: Allow faded altars: false
     0 | D:1      | 0 ||| qw: Do Orc after D:15 true
     0 | D:1      | 0 ||| qw: Do second Lair branch before Depths: true
     0 | D:1      | 0 ||| qw: Lair rune preference: random
     0 | D:1      | 0 ||| qw: Plans: Normal, Zot:1-4, God:TSO, Crypt, Tomb,
                  | Pan, Slime:5, Hells, Abyss, Orb
     0 | D:1      | 0 ||| PLANNING D:1-11
    25 | D:1      | Reached skill level 2 in Axes
   281 | D:1      | Reached XP level 2. HP: 19/19 MP: 2/2
  1002 | D:1      | Reached skill level 3 in Axes
  1263 | D:1      | 1263 ||| UPGRADING to +0 chain mail.
  1273 | D:1      | 1273 ||| DROPPING +0 scale mail.
  1274 | D:1      | 1274 ||| UPGRADING to +2 helmet.
  1279 | D:1      | 1279 ||| UPGRADING to +6 ring of dexterity.
  1280 | D:1      | 1280 ||| READING 2 scrolls labelled VEUNNO CUN.
  1285 | D:1      | 1285 ||| READING scroll labelled YLISKACIOMN.
  1286 | D:1      | 1286 ||| READING scroll labelled NOWUEZU YBENWEUZ.
  1287 | D:1      | 1287 ||| READING scroll labelled MIKIYK ODDE.
  1288 | D:1      | 1288 ||| READING scroll labelled TOXIW WOLOHUAM.
  1389 | D:1      | 1389 ||| DRINKING 2 dark potions.
  1432 | D:2      | Found Giyneth's General Store.
  1433 | D:2      | 1433 ||| STAIRDANCE
  1439 | D:2      | 1439 ||| STAIRDANCE
  1443 | D:1      | Reached XP level 3. HP: 23/23 MP: 3/3
  1447 | D:2      | 1447 ||| STAIRDANCE
  1465 | D:2      | 1465 ||| SHOPLISTING +0 plate armour of cold resistance
                  | (390 gold, have 61).
  1465 | D:2      | 1465 ||| BUYING potion of lignification (39 gold).
  1465 | D:2      | Bought a potion of lignification for 39 gold pieces
  1482 | D:2      | 1482 ||| Stepping ~*~*~tactically~*~*~ (stealth).
  1528 | D:2      | 1528 ||| Stepping ~*~*~tactically~*~*~ (stealth).
  1623 | D:2      | Reached XP level 4. HP: 24/28 MP: 4/4
  1628 | D:2      | Reached skill level 4 in Axes
  1747 | D:2      | 1747 ||| DROPPING +0 club.
  1816 | D:2      | Found Egry's Book Shop.
  1897 | D:2      | 1897 ||| DROPPING +0 flail.
  1939 | D:2      | Found Deaf's Assorted Antiques.
  1947 | D:2      | 1947 ||| SHOPLISTING large gilded ring (120 gold, have 48).
  1947 | D:2      | 1947 ||| BUYING purple potion (21 gold).
  1947 | D:2      | Bought a purple potion for 21 gold pieces
  1947 | D:2      | 1947 ||| BUYING scroll labelled KAEPLI KOPUNIX (24 gold).
  1947 | D:2      | Bought a scroll labelled KAEPLI KOPUNIX for 24 gold pieces
  1947 | D:2      | 1947 ||| SHOPLISTING scroll of identify (48 gold, have 3).
  1947 | D:2      | 1947 ||| SHOPLISTING scroll of teleportation (72 gold, have
                  | 3).
  2004 | D:2      | Reached skill level 1 in Dodging
  2211 | D:2      | 2211 ||| UPGRADING to +0 pair of boots.
  2216 | D:2      | 2216 ||| READING 2 scrolls labelled AGGEKL EGGUIRPHION.
  2217 | D:2      | 2217 ||| READING scroll labelled KAEPLI KOPUNIX.
  2263 | D:2      | 2263 ||| READING scroll labelled JUMPAKEKHLE.
  2264 | D:2      | 2264 ||| DRINKING 2 purple potions.
  2265 | D:2      | 2265 ||| DROPPING scroll of noise.
  2294 | D:3      | 2294 ||| STAIRDANCE
  2302 | D:3      | 2302 ||| STAIRDANCE
  2359 | D:3      | Noticed a great orb of eyes
  2361 | D:3      | Found a faded altar of an unknown god.
  2363 | D:3      | Noticed an eye of devastation
  2363 | D:3      | Noticed a golden eye
  2363 | D:3      | Noticed a floating eye
  2368 | D:3      | 2368 ||| READING scroll labelled NIANTI NULLURGH.
  2444 | D:3      | Reached XP level 5. HP: 32/32 MP: 5/5
  2452 | D:3      | Identified the +2 helmet of the Morning {Int+3 Slay+2 SInv}
  2452 | D:3      | Noticed Robin
  2453 | D:3      | 2453 ||| Stepping ~*~*~tactically~*~*~ (hiding).
  2456 | D:3      | 2456 ||| Stepping ~*~*~tactically~*~*~ (hiding).
  2468 | D:3      | Killed Robin
  2541 | D:3      | Found a shimmering blue altar of Sif Muna.
  2620 | D:3      | Found a burning altar of Makhleb.
  2893 | D:3      | Found a stormy altar of Qazlal.
  2927 | D:3      | 2927 ||| UPGRADING to +0 pair of gloves.
  2932 | D:3      | 2932 ||| UPGRADING to +2 helmet of the Morning {Int+3
                  | Slay+2 SInv}.
  2942 | D:3      | 2942 ||| DROPPING +2 helmet.
  2943 | D:3      | 2943 ||| UPGRADING to +2 pair of boots.
  2953 | D:3      | 2953 ||| DROPPING +0 pair of boots.
  3095 | D:4      | Reached skill level 5 in Axes
  3148 | D:4      | Identified the +1 dagger of Harmony {speed, rElec rF+ Will+
                  | Dex-2}
  3233 | D:4      | Noticed an ogre
  3237 | D:4      | Killed an ogre
  3238 | D:4      | Reached XP level 6. HP: 39/39 MP: 6/6
  3410 | D:4      | Noticed qw's ghost (amateur GrFi)
  3411 | D:4      | Found a runed translucent door.
  3442 | D:4      | 3442 ||| Stepping ~*~*~tactically~*~*~ (stealth).
  3443 | D:4      | 3443 ||| Stepping ~*~*~tactically~*~*~ (stealth).
  3447 | D:4      | 3447 ||| Stepping ~*~*~tactically~*~*~ (stealth).
  3771 | D:4      | Found a hazy altar of Hepliaklqana.
  3843 | D:4      | Reached XP level 7. HP: 43/44 MP: 7/7
  4028 | D:4      | Reached skill level 6 in Axes
  4136 | D:4      | 4136 ||| UPGRADING to ring of protection from cold.
  4137 | D:4      | 4137 ||| READING scroll labelled GAL IFUNISUU.
  4137 | D:4      | Identified a scroll of acquirement
  4137 | D:4      | 4137 ||| ACQUIRING +3 vorpal broad axe
  4137 | D:4      | Acquired a +3 vorpal broad axe
  4139 | D:4      | 4139 ||| SWAPPING to +3 vorpal broad axe.
  4140 | D:4      | 4140 ||| DROPPING +0 war axe.
  4141 | D:4      | 4141 ||| READING scroll labelled JUUSSIWKOEKKA.
  4142 | D:4      | 4142 ||| DRINKING 3 metallic blue potions.
  4147 | D:5      | Entered Level 5 of the Dungeon
  4201 | D:5      | Noticed Pikel
  4214 | D:5      | Killed Pikel
  4215 | D:5      | Reached skill level 8 in Axes
  4215 | D:5      | Reached XP level 8. HP: 36/48 MP: 8/8
  4357 | D:5      | 4357 ||| Stepping ~*~*~tactically~*~*~ (stealth).
  4470 | D:5      | Noticed Sigmund
  4476 | D:5      | Killed Sigmund
  4871 | D:5      | Reached skill level 1 in Throwing
  5112 | D:5      | 5112 ||| DROPPING +1 helmet.
  5113 | D:5      | 5113 ||| READING scroll labelled YTSIOT FIUROI.
  5202 | D:6      | 5202 ||| Stepping ~*~*~tactically~*~*~ (stealth).
  5205 | D:6      | 5205 ||| Stepping ~*~*~tactically~*~*~ (stealth).
  5209 | D:6      | 5209 ||| Stepping ~*~*~tactically~*~*~ (stealth).
  5215 | D:6      | 5215 ||| Stepping ~*~*~tactically~*~*~ (stealth).
  5219 | D:6      | 5219 ||| Stepping ~*~*~tactically~*~*~ (stealth).
  5222 | D:6      | 5222 ||| Stepping ~*~*~tactically~*~*~ (stealth).
  5225 | D:6      | Reached skill level 6 in Fighting
  5228 | D:6      | 5228 ||| Stepping ~*~*~tactically~*~*~ (stealth).
  5247 | D:6      | 5247 ||| READING scroll of enchant armour.
  5247 | D:6      | 5247 ||| ENCHANTING +0 pair of gloves.
  5388 | D:6      | Noticed Edmund
  5390 | D:6      | 5390 ||| Stepping ~*~*~tactically~*~*~ (stealth).
  5391 | D:6      | 5391 ||| Stepping ~*~*~tactically~*~*~ (hiding).
  5394 | D:6      | Killed Edmund
  5395 | D:6      | Reached XP level 9. HP: 39/55 MP: 9/9
  5407 | D:6      | 5407 ||| FLEEEEING.
  5409 | D:6      | 5409 ||| FLEEEEING.
  5410 | D:6      | 5410 ||| FLEEEEING.
  5411 | D:6      | 5411 ||| FLEEEEING.
  5412 | D:6      | 5412 ||| FLEEEEING.
  5413 | D:6      | 5413 ||| FLEEEEING.
  5415 | D:6      | 5415 ||| FLEEEEING.
  5416 | D:6      | 5416 ||| FLEEEEING.
  5417 | D:6      | 5417 ||| FLEEEEING.
  5455 | D:6      | 5455 ||| FLEEEEING.
  5456 | D:6      | 5456 ||| FLEEEEING.
  5457 | D:6      | 5457 ||| FLEEEEING.
  5458 | D:6      | 5458 ||| FLEEEEING.
  5459 | D:6      | 5459 ||| FLEEEEING.
  5460 | D:6      | 5460 ||| FLEEEEING.
  5461 | D:6      | 5461 ||| FLEEEEING.
  5462 | D:6      | 5462 ||| FLEEEEING.
  5463 | D:6      | 5463 ||| FLEEEEING.
  5464 | D:6      | 5464 ||| FLEEEEING.
  5465 | D:6      | 5465 ||| FLEEEEING.
  5466 | D:6      | 5466 ||| FLEEEEING.
  5471 | D:6      | 5471 ||| FLEEEEING.
  5472 | D:6      | 5472 ||| FLEEEEING.
  5473 | D:6      | 5473 ||| FLEEEEING.
  5476 | D:6      | 5476 ||| FLEEEEING.
  5477 | D:6      | 5477 ||| STAIRDANCE
  5526 | D:6      | Identified the +8 dire flail "Jyde" {drain, Fragile rC+
                  | Stlth+}
  5526 | D:6      | Noticed qw's ghost (novice GrFi)
  5528 | D:6      | Found a transporter.
  5556 | D:6      | 5556 ||| READING 3 scrolls of enchant armour.
  5556 | D:6      | 5556 ||| ENCHANTING +1 pair of gloves.
  5600 | D:6      | Found a transporter.
  5684 | D:6      | 5684 ||| READING scroll labelled DYIJIL TYFRO.
  5705 | D:7      | 5705 ||| STAIRDANCE
  5711 | D:6      | Reached skill level 9 in Axes
  5713 | D:7      | 5713 ||| STAIRDANCE
  5736 | D:7      | 5736 ||| Stepping randomly (cloudy).
  5737 | D:7      | 5737 ||| STAIRDANCE
  5837 | D:7      | 5837 ||| Stepping ~*~*~tactically~*~*~ (cloud).
  5839 | D:7      | 5839 ||| Stepping ~*~*~tactically~*~*~ (cloud).
  5840 | D:7      | 5840 ||| STAIRDANCE
  6088 | D:7      | Found a staircase to the Ecumenical Temple.
  6089 | D:7      | 6089 ||| PLANNING TEMPLE
  6096 | Temple   | Entered the Ecumenical Temple
  6136 | Temple   | 6136 ||| PLANNING D:1-11
  6142 | Temple   | 6142 ||| PLANNING OKAWARU WORSHIP
  6142 | Temple   | Became a worshipper of Warmaster Okawaru
  6143 | Temple   | 6143 ||| PLANNING D:1-11
  6426 | D:7      | Found a sparkling altar of Nemelex Xobeh.
  6563 | D:7      | 6563 ||| DROPPING ring of wizardry.
  6564 | D:7      | 6564 ||| DRINKING 2 sedimented cyan potions.
  6565 | D:7      | 6565 ||| READING 2 scrolls of identify.
  6565 | D:7      | 6565 ||| IDENTIFYING white potion
  6566 | D:7      | 6566 ||| DROPPING potion of flight.
  6597 | D:8      | Found a bloodstained altar of Trog.
  6775 | D:8      | 6775 ||| FLEEEEING.
  6776 | D:8      | 6776 ||| FLEEEEING.
  6777 | D:8      | 6777 ||| FLEEEEING.
  6778 | D:8      | 6778 ||| FLEEEEING.
  6781 | D:8      | 6781 ||| FLEEEEING.
  6782 | D:8      | 6782 ||| FLEEEEING.
  6783 | D:8      | 6783 ||| STAIRDANCE
  6844 | D:7      | 6844 ||| READING scroll labelled GEH DIEMOC.
  6847 | D:8      | 6847 ||| STAIRDANCE
  7105 | D:8      | Reached * piety under Okawaru
  7107 | D:8      | 7107 ||| INVOKING Heroism.
  7110 | D:8      | Reached skill level 1 in Invocations
  7112 | D:8      | Reached skill level 10 in Axes
  7119 | D:8      | 7119 ||| FLEEEEING.
  7120 | D:8      | 7120 ||| FLEEEEING.
  7121 | D:8      | 7121 ||| FLEEEEING.
  7122 | D:8      | 7122 ||| FLEEEEING.
  7123 | D:8      | 7123 ||| FLEEEEING.
  7124 | D:8      | 7124 ||| FLEEEEING.
  7125 | D:8      | 7125 ||| FLEEEEING.
  7126 | D:8      | 7126 ||| FLEEEEING.
  7127 | D:8      | 7127 ||| FLEEEEING.
  7128 | D:8      | 7128 ||| FLEEEEING.
  7129 | D:8      | 7129 ||| FLEEEEING.
  7130 | D:8      | 7130 ||| FLEEEEING.
  7131 | D:8      | 7131 ||| FLEEEEING.
  7132 | D:8      | 7132 ||| FLEEEEING.
  7133 | D:8      | 7133 ||| FLEEEEING.
  7134 | D:8      | 7134 ||| FLEEEEING.
  7135 | D:8      | 7135 ||| FLEEEEING.
  7136 | D:8      | 7136 ||| FLEEEEING.
  7137 | D:8      | 7137 ||| FLEEEEING.
  7138 | D:8      | 7138 ||| FLEEEEING.
  7139 | D:8      | 7139 ||| FLEEEEING.
  7140 | D:8      | 7140 ||| FLEEEEING.
  7141 | D:8      | 7141 ||| STAIRDANCE
  7202 | D:8      | Found an opulent altar of Gozag.
  7683 | D:9      | 7683 ||| INVOKING Heroism.
  7684 | D:9      | 7684 ||| STAIRDANCE
  7702 | D:9      | 7702 ||| STAIRDANCE
  7708 | D:9      | 7708 ||| STAIRDANCE
  7713 | D:8      | Reached XP level 10. HP: 58/63 MP: 11/11
  7744 | D:9      | Found a glowing golden altar of the Shining One.
  7782 | D:9      | Noticed a gargoyle
  7785 | D:9      | 7785 ||| Stepping ~*~*~tactically~*~*~ (hiding).
  7791 | D:9      | 7791 ||| INVOKING Heroism.
  7794 | D:9      | Killed a gargoyle
  7795 | D:9      | Reached skill level 6 in Armour
  7795 | D:9      | Reached skill level 3 in Invocations
  7982 | D:9      | 7982 ||| INVOKING Heroism.
  8018 | D:9      | 8018 ||| INVOKING Heroism.
  8019 | D:9      | 8019 ||| Stepping ~*~*~tactically~*~*~ (stealth).
  8024 | D:9      | 8024 ||| Stepping ~*~*~tactically~*~*~ (stealth).
  8034 | D:9      | 8034 ||| Stepping ~*~*~tactically~*~*~ (hiding).
  8039 | D:9      | 8039 ||| INVOKING Heroism.
  8057 | D:9      | 8057 ||| Stepping ~*~*~tactically~*~*~ (stealth).
  8119 | D:9      | Found a staircase to the Orcish Mines.
  8125 | D:9      | 8125 ||| Stepping ~*~*~tactically~*~*~ (stealth).
  8127 | D:9      | 8127 ||| Stepping ~*~*~tactically~*~*~ (hiding).
  8129 | D:9      | 8129 ||| Stepping ~*~*~tactically~*~*~ (hiding).
  8211 | D:9      | 8211 ||| Stepping ~*~*~tactically~*~*~ (hiding).
  8219 | D:9      | 8219 ||| DRINKING 6 potions of curing.
  8219 | D:9      | 8219 ||| (to cure confusion)
  8224 | D:9      | Noticed a two-headed ogre
  8225 | D:9      | 8225 ||| INVOKING Heroism.
  8232 | D:9      | Killed a two-headed ogre
  8270 | D:9      | 8270 ||| INVOKING Heroism.
  8286 | D:9      | 8286 ||| Stepping ~*~*~tactically~*~*~ (stealth).
  8287 | D:9      | 8287 ||| Stepping ~*~*~tactically~*~*~ (stealth).
  8288 | D:9      | 8288 ||| Stepping ~*~*~tactically~*~*~ (stealth).
  8327 | D:9      | 8327 ||| Stepping ~*~*~tactically~*~*~ (stealth).
  8355 | D:9      | Reached skill level 3 in Throwing
  8395 | D:9      | Reached ** piety under Okawaru
  8398 | D:9      | 8398 ||| INVOKING Heroism.
  8451 | D:9      | 8451 ||| FLEEEEING.
  8523 | D:9      | Found a white marble altar of Elyvilon.
  8555 | D:9      | 8555 ||| INVOKING Heroism.
  8651 | D:9      | Found Tauduizias's Antique Weapon Emporium.
  8675 | D:9      | 8675 ||| INVOKING Heroism.
  8679 | D:9      | Reached skill level 11 in Axes
  8687 | D:9      | Reached XP level 11. HP: 53/69 MP: 12/14
  8688 | D:9      | Reached *** piety under Okawaru
  8704 | D:9      | 8704 ||| FLEEEEING.
  8705 | D:9      | 8705 ||| FLEEEEING.
  8706 | D:9      | 8706 ||| FLEEEEING.
  8714 | D:9      | 8714 ||| STAIRDANCE
  8821 | D:8      | 8821 ||| UPGRADING to +1 chain mail of cold resistance.
  8831 | D:8      | 8831 ||| DROPPING +0 chain mail.
  8832 | D:8      | 8832 ||| UPGRADING to +0 plate armour.
  8842 | D:8      | 8842 ||| READING 2 scrolls of enchant armour.
  8842 | D:8      | 8842 ||| ENCHANTING +0 plate armour.
  8843 | D:8      | 8843 ||| READING scroll of enchant armour.
  8843 | D:8      | 8843 ||| ENCHANTING +1 plate armour.
  8844 | D:8      | 8844 ||| DRINKING 2 fuming red potions.
  8845 | D:8      | 8845 ||| READING 4 scrolls of identify.
  8845 | D:8      | 8845 ||| IDENTIFYING fizzy golden potion
  8846 | D:8      | 8846 ||| READING 3 scrolls of identify.
  8846 | D:8      | 8846 ||| IDENTIFYING bubbling clear potion
  8847 | D:8      | 8847 ||| READING 2 scrolls of identify.
  8847 | D:8      | 8847 ||| IDENTIFYING fuming coppery potion
  8848 | D:8      | 8848 ||| DROPPING potion of degeneration.
  8984 | D:9      | 8984 ||| Stepping ~*~*~tactically~*~*~ (stealth).
  8986 | D:9      | 8986 ||| Stepping ~*~*~tactically~*~*~ (stealth).
  9206 | D:9      | Noticed Grum
  9207 | D:9      | 9207 ||| Stepping ~*~*~tactically~*~*~ (hiding).
  9217 | D:9      | 9217 ||| INVOKING Heroism.
  9232 | D:9      | Killed Grum
  9367 | D:9      | Noticed Maggie
  9368 | D:9      | 9368 ||| READING scroll labelled PIBIOG YVOUST.
  9372 | D:9      | 9372 ||| INVOKING Heroism.
  9377 | D:9      | HP: 15/69 [Maggie/bolt of fire (12)]
  9378 | D:9      | 9378 ||| READING 6 scrolls of teleportation.
  9379 | D:9      | 9379 ||| DRINKING 6 potions of heal wounds.
  9383 | D:9      | Killed Maggie
  9575 | D:9      | 9575 ||| DROPPING +2 vampiric whip.
  9708 | D:10     | Entered Level 10 of the Dungeon
  9770 | D:10     | 9770 ||| Stepping ~*~*~tactically~*~*~ (stealth).
  9774 | D:10     | 9774 ||| INVOKING Heroism.
  9786 | D:10     | Reached skill level 9 in Fighting
  9833 | D:10     | Found a staircase to the Lair.
  9959 | D:10     | 9959 ||| INVOKING Heroism.
  9972 | D:10     | Reached **** piety under Okawaru
  9977 | D:10     | Received a gift from Okawaru
 10084 | D:10     | Identified the +0 scale mail of a bazaar {Rampage rElec
                  | Regen+ Stlth+}
 10162 | D:10     | 10162 ||| READING 3 scrolls of acquirement.
 10162 | D:10     | 10162 ||| ACQUIRING +2 pair of gloves "Othaow" {rElec rC+++
                  | MP-9 Int-2}
 10162 | D:10     | Acquired the +2 pair of gloves "Othaow" {rElec rC+++ MP-9
                  | Int-2}
 10164 | D:10     | 10164 ||| UPGRADING to +2 pair of gloves "Othaow" {rElec
                  | rC+++ MP-9 Int-2}.
 10174 | D:10     | 10174 ||| REMOVING ring of protection from cold.
 10175 | D:10     | 10175 ||| DROPPING +2 pair of gloves.
 10176 | D:10     | 10176 ||| READING 2 scrolls of acquirement.
 10176 | D:10     | 10176 ||| ACQUIRING 605 gold pieces
 10176 | D:10     | Acquired 605 gold pieces
 10178 | D:10     | 10178 ||| READING scroll of acquirement.
 10178 | D:10     | 10178 ||| ACQUIRING ring of Koip {+Blink rPois rC- rCorr
                  | Slay+2}
 10178 | D:10     | Acquired the ring of Koip {+Blink rPois rC- rCorr Slay+2}
 10180 | D:10     | 10180 ||| UPGRADING to ring of Koip {+Blink rPois rC- rCorr
                  | Slay+2}.
 10220 | D:10     | 10220 ||| Stepping ~*~*~tactically~*~*~ (hiding).
 10225 | D:10     | 10225 ||| INVOKING Heroism.
 10230 | D:10     | 10230 ||| Stepping ~*~*~tactically~*~*~ (hiding).
 10234 | D:10     | Received a gift from Okawaru
 10514 | D:10     | 10514 ||| PLANNING LAIR
 10514 | D:10     | 10514 ||| READING scroll labelled CEONOL JEYNILL.
 10556 | Lair:1   | Entered Level 1 of the Lair of Beasts
 10557 | Lair:1   | 10557 ||| INVOKING Heroism.
 10567 | Lair:1   | Reached skill level 6 in Invocations
 10595 | Lair:1   | 10595 ||| Stepping ~*~*~tactically~*~*~ (hiding).
 10646 | Lair:1   | 10646 ||| Stepping ~*~*~tactically~*~*~ (stealth).
 10678 | Lair:1   | 10678 ||| INVOKING Heroism.
 10713 | Lair:1   | Identified the +8 arbalest of Nicw {vorpal, Stlth+}
 10769 | Lair:1   | 10769 ||| Stepping ~*~*~tactically~*~*~ (stealth).
 10770 | Lair:1   | 10770 ||| INVOKING Heroism.
 10773 | Lair:1   | Received a gift from Okawaru
 10879 | Lair:1   | 10879 ||| INVOKING Heroism.
 10902 | Lair:1   | 10902 ||| INVOKING Heroism.
 10906 | Lair:1   | Reached skill level 12 in Axes
 11003 | Lair:1   | 11003 ||| INVOKING Heroism.
 11149 | Lair:1   | 11149 ||| READING scroll labelled COUKHE KAES.
 11150 | Lair:1   | 11150 ||| READING 2 scrolls of identify.
 11150 | Lair:1   | 11150 ||| IDENTIFYING metallic inky potion
 11156 | Lair:2   | 11156 ||| INVOKING Heroism.
 11172 | Lair:2   | Received a gift from Okawaru
 11195 | Lair:2   | 11195 ||| INVOKING Heroism.
 11201 | Lair:2   | Reached XP level 12. HP: 76/76 MP: 5/17
 11292 | Lair:2   | Noticed a catoblepas
 11293 | Lair:2   | 11293 ||| Stepping ~*~*~tactically~*~*~ (hiding).
 11295 | Lair:2   | 11295 ||| INVOKING Heroism.
 11301 | Lair:2   | Killed a catoblepas
 11413 | Lair:2   | Reached skill level 9 in Armour
 11716 | Lair:2   | 11716 ||| Stepping ~*~*~tactically~*~*~ (stealth).
 11717 | Lair:2   | 11717 ||| Stepping ~*~*~tactically~*~*~ (stealth).
 11718 | Lair:2   | 11718 ||| Stepping ~*~*~tactically~*~*~ (stealth).
 11720 | Lair:2   | 11720 ||| INVOKING Heroism.
 11721 | Lair:2   | 11721 ||| Stepping ~*~*~tactically~*~*~ (stealth).
 11949 | Lair:2   | 11949 ||| Stepping ~*~*~tactically~*~*~ (stealth).
 11951 | Lair:2   | 11951 ||| Stepping ~*~*~tactically~*~*~ (stealth).
 11966 | Lair:2   | Reached ***** piety under Okawaru
 11968 | Lair:2   | Received a gift from Okawaru
 11969 | Lair:2   | 11969 ||| FLEEEEING.
 11970 | Lair:2   | 11970 ||| FLEEEEING.
 11971 | Lair:2   | 11971 ||| FLEEEEING.
 11972 | Lair:2   | 11972 ||| FLEEEEING.
 11973 | Lair:2   | 11973 ||| FLEEEEING.
 11974 | Lair:2   | 11974 ||| FLEEEEING.
 11975 | Lair:2   | 11975 ||| FLEEEEING.
 11976 | Lair:2   | 11976 ||| FLEEEEING.
 11977 | Lair:2   | 11977 ||| FLEEEEING.
 11979 | Lair:2   | 11979 ||| FLEEEEING.
 11980 | Lair:2   | 11980 ||| FLEEEEING.
 11981 | Lair:2   | 11981 ||| FLEEEEING.
 11982 | Lair:2   | 11982 ||| STAIRDANCE
 12034 | Lair:1   | 12034 ||| DRINKING 2 sedimented sapphire potions.
 12135 | Lair:1   | 12135 ||| DROPPING potion of ambrosia.
 12661 | Lair:3   | Noticed a boulder beetle
 12662 | Lair:3   | 12662 ||| INVOKING Heroism.
 12663 | Lair:3   | 12663 ||| INVOKING Finesse.
 12670 | Lair:3   | Reached skill level 9 in Invocations
 12676 | Lair:3   | Killed a boulder beetle
 12899 | Lair:3   | 12899 ||| Stepping ~*~*~tactically~*~*~ (stealth).
 12940 | Lair:3   | Reached skill level 3 in Dodging
 12943 | Lair:3   | 12943 ||| INVOKING Heroism.
 12947 | Lair:3   | Reached skill level 6 in Shields
 13073 | Lair:3   | Found the +8 whip "Snakebite" {venom, curare, rPois}
 13212 | Lair:3   | Found a staircase to the Shoals.
 13213 | Lair:3   | 13213 ||| INVOKING Heroism.
 13232 | Lair:3   | Identified the +0 robe "Rutodaino" {Str+2} (Okawaru gifted
                  | it to you on level 3 of the Lair of Beasts)
 13232 | Lair:3   | Received a gift from Okawaru
 13671 | Lair:3   | 13671 ||| INVOKING Heroism.
 13779 | Lair:3   | Noticed Urug
 13780 | Lair:3   | 13780 ||| INVOKING Heroism.
 13782 | Lair:3   | 13782 ||| INVOKING Finesse.
 13787 | Lair:3   | Killed Urug
 13861 | Lair:3   | 13861 ||| READING scroll of acquirement.
 13861 | Lair:3   | 13861 ||| ACQUIRING 920 gold pieces
 13861 | Lair:3   | Acquired 920 gold pieces
 13961 | Lair:3   | 13961 ||| INVOKING Heroism.
 14051 | Lair:3   | 14051 ||| INVOKING Heroism.
 14083 | Lair:3   | Found a hole to the Spider Nest.
 14084 | Lair:3   | 14084 ||| Stepping ~*~*~tactically~*~*~ (stealth).
 14175 | Lair:3   | 14175 ||| INVOKING Heroism.
 14183 | Lair:3   | Reached XP level 13. HP: 29/82 MP: 8/20
 14318 | Lair:3   | 14318 ||| INVOKING Heroism.
 14506 | Lair:3   | 14506 ||| UPGRADING to scarf of repulsion.
 14511 | Lair:3   | 14511 ||| READING 3 scrolls of identify.
 14511 | Lair:3   | 14511 ||| IDENTIFYING bubbling golden potion
 14512 | Lair:3   | 14512 ||| DROPPING potion of invisibility.
 14538 | Lair:4   | 14538 ||| INVOKING Heroism.
 14539 | Lair:4   | 14539 ||| SWAPPING to +0 morningstar.
 14540 | Lair:4   | 14540 ||| INVOKING Finesse.
 14548 | Lair:4   | Reached skill level 13 in Axes
 14548 | Lair:4   | 14548 ||| SWAPPING to +4 vorpal broad axe.
 14749 | Lair:4   | 14749 ||| INVOKING Heroism.
 14849 | Lair:4   | 14849 ||| INVOKING Heroism.
 14850 | Lair:4   | 14850 ||| Stepping ~*~*~tactically~*~*~ (stealth).
 14851 | Lair:4   | 14851 ||| Stepping ~*~*~tactically~*~*~ (stealth).
 14988 | Lair:4   | 14988 ||| Stepping ~*~*~tactically~*~*~ (stealth).
 14996 | Lair:4   | 14996 ||| Stepping ~*~*~tactically~*~*~ (stealth).
 15000 | Lair:4   | 15000 ||| Stepping ~*~*~tactically~*~*~ (stealth).
 15052 | Lair:4   | 15052 ||| Stepping ~*~*~tactically~*~*~ (stealth).
 15068 | Lair:4   | 15068 ||| Stepping ~*~*~tactically~*~*~ (stealth).
 15073 | Lair:4   | 15073 ||| Stepping ~*~*~tactically~*~*~ (stealth).
 15120 | Lair:4   | 15120 ||| Stepping ~*~*~tactically~*~*~ (stealth).
 15236 | Lair:4   | 15236 ||| READING scroll of acquirement.
 15236 | Lair:4   | 15236 ||| ACQUIRING +0 broad axe of flaming
 15236 | Lair:4   | Acquired a +0 broad axe of flaming
 15238 | Lair:4   | 15238 ||| DROPPING +0 morningstar.
 15290 | Lair:4   | 15290 ||| Stepping ~*~*~tactically~*~*~ (stealth).
 15300 | Lair:4   | 15300 ||| Stepping ~*~*~tactically~*~*~ (stealth).
 15304 | Lair:4   | 15304 ||| INVOKING Heroism.
 15447 | Lair:4   | 15447 ||| INVOKING Heroism.
 15534 | Lair:4   | Identified the +1 leather armour of Vexation {*Slow rElec
                  | rC++ Dex+4}
 15741 | Lair:4   | 15741 ||| READING 5 scrolls of identify.
 15741 | Lair:4   | 15741 ||| IDENTIFYING brown potion
 15742 | Lair:4   | 15742 ||| DROPPING potion of brilliance.
 15749 | Lair:5   | Entered Level 5 of the Lair of Beasts
 15750 | Lair:5   | 15750 ||| STAIRDANCE
 15776 | Lair:5   | 15776 ||| STAIRDANCE
 15778 | Lair:4   | 15778 ||| INVOKING Heroism.
 15784 | Lair:4   | Received a gift from Okawaru
 15952 | Lair:5   | 15952 ||| STAIRDANCE
 15954 | Lair:4   | 15954 ||| INVOKING Heroism.
 15963 | Lair:4   | Reached skill level 14 in Axes
 16061 | Lair:5   | 16061 ||| STAIRDANCE
 16063 | Lair:4   | 16063 ||| INVOKING Heroism.
 16105 | Lair:5   | 16105 ||| Stepping ~*~*~tactically~*~*~ (stealth).
 16115 | Lair:5   | 16115 ||| INVOKING Heroism.
 16116 | Lair:5   | 16116 ||| INVOKING Finesse.
 16119 | Lair:5   | 16119 ||| Stepping ~*~*~tactically~*~*~ (stealth).
 16120 | Lair:5   | 16120 ||| SWAPPING to +0 broad axe of flaming.
 16123 | Lair:5   | 16123 ||| SWAPPING to +4 vorpal broad axe.
 16206 | Lair:5   | 16206 ||| Stepping ~*~*~tactically~*~*~ (stealth).
 16220 | Lair:5   | Found a staircase to the Slime Pits.
 16227 | Lair:5   | 16227 ||| INVOKING Heroism.
 16234 | Lair:5   | Received a gift from Okawaru
 16327 | Lair:5   | 16327 ||| INVOKING Heroism.
 16394 | Lair:5   | 16394 ||| Stepping ~*~*~tactically~*~*~ (stealth).
 16490 | Lair:5   | 16490 ||| INVOKING Heroism.
 16509 | Lair:5   | 16509 ||| Stepping ~*~*~tactically~*~*~ (stealth).
 16511 | Lair:5   | 16511 ||| Stepping ~*~*~tactically~*~*~ (stealth).
 16512 | Lair:5   | 16512 ||| INVOKING Finesse.
 16588 | Lair:5   | 16588 ||| INVOKING Heroism.
 16712 | Lair:5   | 16712 ||| INVOKING Heroism.
 16713 | Lair:5   | 16713 ||| INVOKING Finesse.
 16751 | Lair:5   | 16751 ||| Stepping ~*~*~tactically~*~*~ (stealth).
 16793 | Lair:5   | 16793 ||| Stepping ~*~*~tactically~*~*~ (stealth).
 16795 | Lair:5   | 16795 ||| INVOKING Heroism.
 16809 | Lair:5   | 16809 ||| INVOKING Finesse.
 16817 | Lair:5   | 16817 ||| SWAPPING to +0 broad axe of flaming.
 16822 | Lair:5   | 16822 ||| SWAPPING to +4 vorpal broad axe.
 16836 | Lair:5   | 16836 ||| Stepping ~*~*~tactically~*~*~ (stealth).
 16852 | Lair:5   | 16852 ||| Stepping ~*~*~tactically~*~*~ (stealth).
 16913 | Lair:5   | 16913 ||| INVOKING Heroism.
 16915 | Lair:5   | 16915 ||| INVOKING Finesse.
 16916 | Lair:5   | 16916 ||| Stepping ~*~*~tactically~*~*~ (stealth).
 16936 | Lair:5   | Gained mutation: Your large and strong wings let you fly.
                  | [Gargoyle growth]
 16936 | Lair:5   | Reached XP level 14. HP: 90/90 MP: 5/21
 16999 | Lair:5   | 16999 ||| Stepping ~*~*~tactically~*~*~ (stealth).
 17003 | Lair:5   | 17003 ||| INVOKING Heroism.
 17006 | Lair:5   | 17006 ||| Stepping ~*~*~tactically~*~*~ (stealth).
 17096 | Lair:5   | 17096 ||| Stepping ~*~*~tactically~*~*~ (stealth).
 17097 | Lair:5   | 17097 ||| Stepping ~*~*~tactically~*~*~ (stealth).
 17100 | Lair:5   | 17100 ||| Stepping ~*~*~tactically~*~*~ (hiding).
 17104 | Lair:5   | 17104 ||| INVOKING Heroism.
 17248 | Lair:5   | 17248 ||| INVOKING Heroism.
 17249 | Lair:5   | 17249 ||| INVOKING Finesse.
 17258 | Lair:5   | Reached skill level 15 in Axes
 17421 | Lair:5   | 17421 ||| Stepping ~*~*~tactically~*~*~ (stealth).
 17422 | Lair:5   | 17422 ||| Stepping ~*~*~tactically~*~*~ (stealth).
 17424 | Lair:5   | 17424 ||| Stepping ~*~*~tactically~*~*~ (stealth).
 17467 | Lair:5   | 17467 ||| Stepping ~*~*~tactically~*~*~ (stealth).
 17469 | Lair:5   | 17469 ||| Stepping ~*~*~tactically~*~*~ (stealth).
 17470 | Lair:5   | 17470 ||| Stepping ~*~*~tactically~*~*~ (stealth).
 17476 | Lair:5   | 17476 ||| Stepping ~*~*~tactically~*~*~ (stealth).
 17569 | Lair:5   | 17569 ||| INVOKING Heroism.
 17570 | Lair:5   | 17570 ||| INVOKING Finesse.
 17639 | Lair:5   | 17639 ||| READING scroll of acquirement.
 17639 | Lair:5   | 17639 ||| ACQUIRING +1 plate armour of the Apprentice
                  | {Dex+4}
 17639 | Lair:5   | Acquired the +1 plate armour of the Apprentice {Dex+4}
 17641 | Lair:5   | 17641 ||| DROPPING +1 pair of boots.
 17842 | Lair:5   | 17842 ||| PLANNING D:1-11
 17842 | Lair:5   | 17842 ||| UPGRADING to +2 buckler.
 17852 | Lair:5   | 17852 ||| DROPPING +0 buckler.
 17853 | Lair:5   | 17853 ||| UPGRADING to +1 plate armour of the Apprentice
                  | {Dex+4}.
 17863 | Lair:5   | 17863 ||| DROPPING +2 plate armour.
 17999 | D:11     | Noticed Erolcha
 18000 | D:11     | 18000 ||| Stepping ~*~*~tactically~*~*~ (stealth).
 18002 | D:11     | 18002 ||| Stepping ~*~*~tactically~*~*~ (hiding).
 18008 | D:11     | 18008 ||| STAIRDANCE
 18015 | D:11     | 18015 ||| STAIRDANCE
 18062 | D:11     | 18062 ||| INVOKING Heroism.
 18063 | D:11     | 18063 ||| STAIRDANCE
 18065 | D:10     | 18065 ||| INVOKING Finesse.
 18070 | D:10     | Killed Erolcha
 18125 | D:11     | 18125 ||| STAIRDANCE
 18177 | D:11     | 18177 ||| READING scroll of enchant weapon.
 18177 | D:11     | 18177 ||| ENCHANTING +4 vorpal broad axe.
 18358 | D:11     | Found a snail-covered altar of Cheibriados.
 18359 | D:11     | 18359 ||| READING 7 scrolls of teleportation.
 18466 | D:11     | Noticed Psyche
 18470 | D:11     | Killed Psyche
 18784 | D:11     | 18784 ||| PLANNING D
 18816 | D:12     | 18816 ||| STAIRDANCE
 18903 | D:12     | 18903 ||| STAIRDANCE
 18980 | D:12     | 18980 ||| INVOKING Heroism.
 18981 | D:12     | 18981 ||| READING 6 scrolls of teleportation.
 19012 | D:12     | Identified the +1 leather armour "Idiecs" {rElec rC++ Int-4
                  | SInv}
 19058 | D:12     | 19058 ||| Stepping ~*~*~tactically~*~*~ (hiding).
 19070 | D:12     | 19070 ||| INVOKING Heroism.
 19171 | D:12     | 19171 ||| Stepping ~*~*~tactically~*~*~ (stealth).
 19178 | D:12     | 19178 ||| INVOKING Heroism.
 19189 | D:12     | 19189 ||| Stepping ~*~*~tactically~*~*~ (hiding).
 19362 | D:12     | You are sucked into a shaft and drop 1 floor!
 19468 | D:12     | 19468 ||| READING scroll of acquirement.
 19468 | D:12     | 19468 ||| ACQUIRING +0 pair of boots of the Land of Plenty
                  | {SInv}
 19468 | D:12     | Acquired the +0 pair of boots of the Land of Plenty {SInv}
 19507 | D:12     | 19507 ||| Stepping ~*~*~tactically~*~*~ (hiding).
 19508 | D:12     | 19508 ||| Stepping ~*~*~tactically~*~*~ (hiding).
 19808 | D:12     | Identified the +5 ring mail of a Billion Shrikes {Str+7
                  | Dex-2} (Okawaru gifted it to you on level 12 of the
                  | Dungeon)
 19808 | D:12     | Received a gift from Okawaru
 19866 | D:12     | 19866 ||| INVOKING Heroism.
 19872 | D:12     | Reached skill level 6 in Throwing
 20012 | D:12     | 20012 ||| READING 8 scrolls of identify.
 20012 | D:12     | 20012 ||| IDENTIFYING metallic cyan potion
 20013 | D:12     | 20013 ||| DROPPING potion of berserk rage.
 20036 | D:13     | 20036 ||| INVOKING Heroism.
 20057 | D:13     | Reached skill level 12 in Fighting
 20066 | D:13     | HP: 21/92 [vault guard/+0 great mace (7)]
 20067 | D:13     | 20067 ||| READING 5 scrolls of teleportation.
 20067 | D:13     | HP: 6/92 [vault guard (illusionary)/+0 great mace (16)]
 20068 | D:13     | 20068 ||| DRINKING 7 potions of heal wounds.
 20079 | D:13     | 20079 ||| Stepping ~*~*~tactically~*~*~ (stealth).
 20080 | D:13     | 20080 ||| INVOKING Heroism.
 20275 | D:13     | 20275 ||| Stepping ~*~*~tactically~*~*~ (stealth).
 20352 | D:13     | 20352 ||| INVOKING Heroism.
 20403 | D:13     | 20403 ||| FLEEEEING.
 20404 | D:13     | 20404 ||| FLEEEEING.
 20405 | D:13     | 20405 ||| FLEEEEING.
 20406 | D:13     | 20406 ||| FLEEEEING.
 20407 | D:13     | 20407 ||| FLEEEEING.
 20408 | D:13     | 20408 ||| FLEEEEING.
 20409 | D:13     | 20409 ||| FLEEEEING.
 20410 | D:13     | 20410 ||| FLEEEEING.
 20411 | D:13     | 20411 ||| FLEEEEING.
 20412 | D:13     | 20412 ||| FLEEEEING.
 20413 | D:13     | 20413 ||| STAIRDANCE
 20475 | D:12     | 20475 ||| UPGRADING to +2 buckler of reflection.
 20485 | D:12     | 20485 ||| DROPPING +2 buckler.
 20497 | D:13     | 20497 ||| STAIRDANCE
 20557 | D:13     | Noticed Lodul
 20560 | D:13     | 20560 ||| INVOKING Heroism.
 20569 | D:13     | Killed Lodul
 20574 | D:13     | Noticed Josephine
 20584 | D:13     | Killed Josephine
 20662 | D:13     | Found a gate to the Vaults.
 20727 | D:13     | Reached XP level 15. HP: 96/96 MP: 13/22
 20983 | D:13     | 20983 ||| Stepping ~*~*~tactically~*~*~ (stealth).
 21038 | D:13     | 21038 ||| INVOKING Heroism.
 21416 | D:13     | 21416 ||| READING scroll of enchant weapon.
 21416 | D:13     | 21416 ||| ENCHANTING +5 vorpal broad axe.
 21477 | D:14     | 21477 ||| INVOKING Heroism.
 21478 | D:14     | 21478 ||| INVOKING Finesse.
 21479 | D:14     | Found a gateway to a bazaar.
 21480 | D:14     | 21480 ||| PLANNING BAZAAR
 21493 | Bazaar   | Entered a bazaar
 21536 | Bazaar   | Found Ynylic's Armour Boutique.
 21543 | Bazaar   | 21543 ||| BUYING +3 plate armour of fire resistance (315
                  | gold).
 21543 | Bazaar   | Bought a +3 plate armour of fire resistance for 315 gold
                  | pieces
 21561 | Bazaar   | Found Nekhlarr's General Store.
 21568 | Bazaar   | Found Xoijyuho's Antique Weapon Shoppe.
 21569 | Bazaar   | 21569 ||| BUYING +2 kite shield of protection (172 gold).
 21569 | Bazaar   | Bought a +2 kite shield of protection for 172 gold pieces
 21569 | Bazaar   | 21569 ||| BUYING potion of might (32 gold).
 21569 | Bazaar   | Bought a potion of might for 32 gold pieces
 21582 | Bazaar   | Found Ivetifey's Assorted Antiques.
 21587 | Bazaar   | 21587 ||| BUYING pitted turquoise ring (145 gold).
 21587 | Bazaar   | Bought a pitted turquoise ring for 145 gold pieces
 21587 | Bazaar   | Identified the ring of Lady Luck {rElec rCorr} (You bought
                  | it in a shop in a bazaar)
 21587 | Bazaar   | 21587 ||| BUYING potion of lignification (87 gold).
 21587 | Bazaar   | Bought a potion of lignification for 87 gold pieces
 21587 | Bazaar   | 21587 ||| UPGRADING to +3 plate armour of fire resistance.
 21597 | Bazaar   | 21597 ||| UPGRADING to +2 kite shield of protection.
 21607 | Bazaar   | 21607 ||| DROPPING +2 buckler of reflection.
 21608 | Bazaar   | 21608 ||| DROPPING +1 plate armour of the Apprentice
                  | {Dex+4}.
 21632 | D:14     | 21632 ||| PLANNING D
 21661 | D:14     | 21661 ||| INVOKING Heroism.
 21684 | D:14     | 21684 ||| Stepping ~*~*~tactically~*~*~ (stealth).
 21687 | D:14     | 21687 ||| Stepping ~*~*~tactically~*~*~ (stealth).
 21688 | D:14     | 21688 ||| Stepping ~*~*~tactically~*~*~ (stealth).
 21720 | D:14     | 21720 ||| Stepping ~*~*~tactically~*~*~ (stealth).
 21728 | D:14     | Received a gift from Okawaru
 21889 | D:14     | 21889 ||| Stepping ~*~*~tactically~*~*~ (stealth).
 21891 | D:14     | 21891 ||| Stepping ~*~*~tactically~*~*~ (hiding).
 21898 | D:14     | 21898 ||| Stepping ~*~*~tactically~*~*~ (hiding).
 21900 | D:14     | 21900 ||| INVOKING Heroism.
 21904 | D:14     | Reached skill level 9 in Shields
 21904 | D:14     | 21904 ||| INVOKING Finesse.
 21905 | D:14     | 21905 ||| SWAPPING to +0 broad axe of flaming.
 21914 | D:14     | 21914 ||| SWAPPING to +6 vorpal broad axe.
 22167 | D:14     | 22167 ||| Stepping ~*~*~tactically~*~*~ (hiding).
 22168 | D:14     | 22168 ||| Stepping ~*~*~tactically~*~*~ (hiding).
 22300 | D:14     | 22300 ||| Stepping ~*~*~tactically~*~*~ (hiding).
 22447 | D:14     | 22447 ||| Stepping ~*~*~tactically~*~*~ (hiding).
 22452 | D:14     | 22452 ||| Stepping ~*~*~tactically~*~*~ (hiding).
 22456 | D:14     | 22456 ||| INVOKING Heroism.
 22604 | D:14     | 22604 ||| FLEEEEING.
 22605 | D:14     | 22605 ||| FLEEEEING.
 22606 | D:14     | 22606 ||| FLEEEEING.
 22610 | D:14     | 22610 ||| FLEEEEING.
 22611 | D:14     | 22611 ||| FLEEEEING.
 22612 | D:14     | 22612 ||| FLEEEEING.
 22613 | D:14     | 22613 ||| FLEEEEING.
 22614 | D:14     | 22614 ||| FLEEEEING.
 22706 | D:14     | 22706 ||| Stepping ~*~*~tactically~*~*~ (hiding).
 22707 | D:14     | 22707 ||| INVOKING Heroism.
 23052 | D:14     | 23052 ||| Stepping ~*~*~tactically~*~*~ (stealth).
 23173 | D:14     | 23173 ||| INVOKING Heroism.
 23194 | D:14     | Identified the +0 pair of gloves of Somewhere Else {rPois
                  | Dex+4} (Okawaru gifted it to you on level 14 of the
                  | Dungeon)
 23194 | D:14     | Received a gift from Okawaru
 23216 | D:14     | 23216 ||| INVOKING Heroism.
 23405 | D:14     | 23405 ||| SWAPPING to +2 vampiric broad axe.
 23463 | D:14     | 23463 ||| DROPPING +0 pair of gloves of Somewhere Else
                  | {rPois Dex+4}.
 23480 | D:15     | Entered Level 15 of the Dungeon
 23511 | D:15     | 23511 ||| INVOKING Heroism.
 23512 | D:15     | 23512 ||| INVOKING Finesse.
 23556 | D:15     | 23556 ||| Stepping ~*~*~tactically~*~*~ (stealth).
 23652 | D:15     | Reached skill level 12 in Shields
 23672 | D:15     | Found a staircase to the Depths.
 23696 | D:15     | 23696 ||| INVOKING Heroism.
 23718 | D:15     | Reached skill level 16 in Axes
 23778 | D:15     | Noticed Roxanne
 23779 | D:15     | 23779 ||| INVOKING Heroism.
 23780 | D:15     | 23780 ||| INVOKING Finesse.
 23796 | D:15     | Killed Roxanne
 23957 | D:15     | 23957 ||| Stepping ~*~*~tactically~*~*~ (hiding).
 23960 | D:15     | 23960 ||| Stepping ~*~*~tactically~*~*~ (hiding).
 24144 | D:15     | 24144 ||| Stepping ~*~*~tactically~*~*~ (hiding).
 24145 | D:15     | 24145 ||| Stepping ~*~*~tactically~*~*~ (hiding).
 24166 | D:15     | 24166 ||| INVOKING Heroism.
 24204 | D:15     | 24204 ||| INVOKING Heroism.
 24206 | D:15     | 24206 ||| INVOKING Finesse.
 24343 | D:15     | 24343 ||| Stepping ~*~*~tactically~*~*~ (stealth).
 24345 | D:15     | 24345 ||| INVOKING Heroism.
 24531 | D:15     | 24531 ||| PLANNING ORC
 24531 | D:15     | 24531 ||| UPGRADING to amulet of regeneration.
 24670 | Orc:1    | Entered Level 1 of the Orcish Mines
 24674 | Orc:1    | 24674 ||| INVOKING Heroism.
 24675 | Orc:1    | Noticed an orc warlord
 24676 | Orc:1    | 24676 ||| INVOKING Finesse.
 24696 | Orc:1    | Reached XP level 16. HP: 101/101 MP: 7/23
 24703 | Orc:1    | 24703 ||| Stepping ~*~*~tactically~*~*~ (hiding).
 24706 | Orc:1    | 24706 ||| Stepping ~*~*~tactically~*~*~ (hiding).
 24712 | Orc:1    | Reached skill level 12 in Armour
 24728 | Orc:1    | 24728 ||| Stepping ~*~*~tactically~*~*~ (hiding).
 24734 | Orc:1    | 24734 ||| INVOKING Heroism.
 25136 | Orc:2    | Entered Level 2 of the Orcish Mines
 25139 | Orc:2    | 25139 ||| INVOKING Heroism.
 25157 | Orc:2    | Noticed Saint Roka
 25159 | Orc:2    | Found a staircase to the Elven Halls.
 25183 | Orc:2    | 25183 ||| INVOKING Heroism.
 25191 | Orc:2    | Killed Saint Roka
 25272 | Orc:2    | Found a dark tunnel.
 25342 | Orc:2    | 25342 ||| INVOKING Heroism.
 25478 | Orc:2    | 25478 ||| Stepping ~*~*~tactically~*~*~ (stealth).
 25479 | Orc:2    | 25479 ||| Stepping ~*~*~tactically~*~*~ (hiding).
 25480 | Orc:2    | 25480 ||| INVOKING Heroism.
 25586 | Orc:2    | 25586 ||| INVOKING Heroism.
 25617 | Orc:2    | HP: 19/101 [orc priest/divine providence (12)]
 25618 | Orc:2    | 25618 ||| READING 4 scrolls of teleportation.
 25618 | Orc:2    | HP: 7/101 [smoke demon/divine providence[an orc high
                  | priest] (13)]
 25619 | Orc:2    | 25619 ||| DRINKING 6 potions of heal wounds.
 25619 | Orc:2    | HP: 3/101 [ice devil[an orc high priest] (4)]
 25619 | Orc:2    | Slain by an ice devil

Levels and vault maps discovered:
D:1:      elethiomel_arrival_quiet, layout_basic, serial_curves, eino_curves_03,
          eino_curves_04, minmay_tetromino_t4
D:2:      layout_rooms, serial_shops, shop, nicolae_shop_stone, shop
D:3:      layout_basic, general_overflow_altar, lemuel_round_altar,
          mainiacjoe_overflow_24_doors, hellmonk_ecumenical_altar_watching_god,
          uniq_robin, uniq_crazy_yiuf_cottage
D:4:      layout_loops_ring, worldfamousw_hep_ancestral_shrine,
          ebering_ghost_sewer_d, grunt_decor_junction, minmay_pentangle
D:5:      layout_basic, corexii_checkpoint_a, uniq_sigmund, uniq_pikel
D:6:      layout_rooms, gammafunk_ghost_smash, minmay_liquid_box, uniq_edmund
D:7:      layout_basic, nemelex_spade_bored_becter,
          minmay_temple_entry_purple_smoke, minivault_19
D:8:      layout_cave_pods, nicolae_gozag_seed_capital,
          mainiacjoe_overflow_catwalk
D:9:      minmay_inner_zag, layout_basic, elyvilon_altar_4,
          mainiacjoe_overflow_alcove_2, hiddenorc2_lemuel, serial_shops, shop,
          serial_glass, glass_columns_a, glass_columns_a, feat_on_display,
          due_unseen_surprise, minmay_strange_pillars, item_on_display_a,
          grunt_decor_cap, uniq_grum, uniq_maggie
D:10:     layout_roguey, due_lair_maze_entry_diamond
D:11:     layout_roguey, reono_crystal_passage, cheibrodos_worm_habitat,
          uniq_psyche, uniq_erolcha
D:12:     layout_irregular_city
D:13:     layout_basic, erik_vaults_2, uniq_lodul, uniq_josephine
D:14:     nzn_winding_woodlands_stair_cross [nzn_winding_woodlands_5x15_parted,
          nzn_winding_woodlands_center_pierced_h,
          nzn_winding_woodlands_5x15_lazy_stream,
          nzn_winding_woodlands_5x5_default,
          nzn_winding_woodlands_5x5_closed_star,
          nzn_winding_woodlands_5x15_twine,
          nzn_winding_woodlands_center_diamonds,
          nzn_winding_woodlands_5x15_split_checker], layout_cave_pools,
          nicolae_two_hexagons, serial_shops, statue_bzr
D:15:     hangedman_depths_entry_civil_slaughter, layout_stronghold,
          minmay_crystal_water, uniq_roxanne
Temple:   nicolae_temple_god_jail
Lair:1:   layout_misc_corridors, serial_bayou_pond_c,
          cheibrodos_lair_reptile_den
Lair:2:   layout_layer_cave, beast_lair_carwin_6, infiniplex_staircase_pool,
          grunt_megastairs_3, serial_bayou_shore_b
Lair:3:   minmay_guarded_unrand_snakebite, layout_cave_pods,
          minmay_shoals_entry_beasts, nicolae_spider_entry_tight_spaces,
          lemuel_fruit_tree, grunt_megastairs_1, uniq_urug
Lair:4:   layout_loops_ring, grunt_megastairs_5, serial_bayou_shore_a,
          infiniplex_staircase_pool_2
Lair:5:   minmay_lair_end_enchanted_forest, layout_loops_ring,
          minmay_slime_entry_pillars, minivault_25, st_stairs_3
Orc:1:    layout_caves
Orc:2:    st_orc_pillars, layout_diamond_mine, nicolae_volcano_entry_two_sided,
          uniq_saint_roka

Skill      XL: |  1  2  3  4  5  6  7  8  9 10 11 12 13 14 15 16 |
---------------+-------------------------------------------------+-----
Axes           | 2 3 4 5 8 10 11 12 14 15 16 | 16.6
Dodging        | 1 2 3 4 |  4.9
Fighting       | 4 6 7 8 9 10 11 12 | 12.0
Armour         | 4 5 6 8 9 10 11 12 | 12.0
Throwing       | 1 2 3 4 6 7 |  7.0
Shields        | 4 5 6 7 13 | 13.0
Invocations    | 2 4 7 10 | 10.0

Action                   |  1- 3 |  4- 6 |  7- 9 | 10-12 | 13-15 | 16-18 || total
-------------------------+-------+-------+-------+-------+-------+-------++-------
Melee: War axe           |   132 |   136 |    12 |       |       |       ||   280
       Broad axe         |       |       |   167 |   391 |   834 |   169 ||  1561
       Morningstar       |       |       |       |       |     7 |       ||     7
Throw: Boomerang         |       |    14 |    54 |    32 |    78 |       ||   178
       Javelin           |       |       |     1 |    66 |   126 |     6 ||   199
Invok: Heroism           |       |       |     2 |    32 |    45 |     6 ||    85
       Finesse           |       |       |       |     2 |    15 |       ||    17
  Use: Scroll            |     5 |     4 |     8 |    14 |    11 |     1 ||    43
       Potion            |     1 |     1 |     2 |     4 |     1 |     1 ||    10
 Stab: Distracted        |       |       |       |     1 |     3 |       ||     4
Armor: Scale mail        |    39 |       |       |       |       |       ||    39
       Chain mail        |    41 |    77 |   120 |    46 |       |       ||   284
       Plate armour      |       |       |       |   135 |   467 |    86 ||   688
Dodge: Dodged            |    56 |    43 |    73 |   116 |   235 |    67 ||   590
       Repelled          |       |       |       |       |     4 |     1 ||     5
Block: Buckler           |    20 |    26 |    45 |    83 |   141 |       ||   315
       Kite shield       |       |       |       |       |   227 |   160 ||   387

Table legend:
 A = Non-vault XP
 B = Vault XP
 C = Vault XP percentage of total XP
 D = Non-vault monster count
 E = Vault monster count
 F = Vault count percentage of total count
                 A         B        C        D         E       F
            +---------+---------+-------+---------+---------+-------
      Total |   78067 |   68269 |  46.7 |     447 |     292 |  39.5
            +---------+---------+-------+---------+---------+-------
        D:1 |      32 |       4 |  11.1 |      21 |       3 |  12.5
        D:2 |     101 |       0 |   0.0 |      29 |       0 |   0.0
        D:3 |      56 |      29 |  34.1 |      12 |       8 |  40.0
        D:4 |     418 |     104 |  19.9 |      17 |       8 |  32.0
        D:5 |     295 |     834 |  73.9 |      13 |       3 |  18.8
        D:6 |     715 |     157 |  18.0 |      27 |       1 |   3.6
        D:7 |    1019 |       0 |   0.0 |      16 |       0 |   0.0
        D:8 |     936 |       0 |   0.0 |      25 |       0 |   0.0
        D:9 |    3524 |    2805 |  44.3 |      29 |      46 |  61.3
       D:10 |    2826 |    1825 |  39.2 |      17 |      10 |  37.0
       D:11 |    3640 |     402 |   9.9 |      10 |       2 |  16.7
       D:12 |    6016 |       0 |   0.0 |      28 |       0 |   0.0
       D:13 |    6022 |   10256 |  63.0 |      13 |      20 |  60.6
       D:14 |    9035 |   12935 |  58.9 |      21 |      26 |  55.3
       D:15 |   11894 |    5784 |  32.7 |      29 |       7 |  19.4
     Lair:1 |    2117 |     888 |  29.6 |      11 |       2 |  15.4
     Lair:2 |    4620 |    1115 |  19.4 |      17 |       8 |  32.0
     Lair:3 |    4775 |    4800 |  50.1 |      19 |      18 |  48.6
     Lair:4 |    7143 |    3581 |  33.4 |      29 |       8 |  21.6
     Lair:5 |    8708 |    9028 |  50.9 |      25 |      51 |  67.1
      Orc:1 |    3226 |       0 |   0.0 |      17 |       0 |   0.0
      Orc:2 |     949 |   13722 |  93.5 |      22 |      71 |  76.3
            +---------+---------+-------+---------+---------+-------
